 Seeded DCSS version 0.29.1-13-g9f3cf754e1 (webtiles) character file.

Game seed: 18334199546629406935 (custom seed)

8626 mathmaestro the Black Sun (level 11, -1/89 HPs)
             Began as a Demonspawn Necromancer on Jan 26, 2023.
             Was a High Priest of Kikubaaqudgha.
             Killed from afar by an orc wizard (7 damage)
             ... with a puff of flame
             ... on level 9 of the Dungeon.
             The game lasted 00:32:03 (10840 turns).

mathmaestro the Black Sun (Demonspawn Necromancer) Turns: 10840, Time: 00:32:03

Health: -1/89      AC: 10    Str: 14    XL:     11   Next: 12%
Magic:  0/23       EV: 13    Int: 22    God:    Kikubaaqudgha [*****.]
Gold:   652        SH:  4    Dex: 13    Spells: 3/26 levels left

rFire   . . .      SeeInvis .   s - +5 flail (protect)
rCold   + . .      Faith    .   y - +0 buckler
rNeg    . . .      Spirit   +   d - +2 robe {Archmagi}
rPois   .          Reflect  .   (helmet restricted)
rElec   .          Harm     .   F - +2 cloak {Stlth+}
rCorr   .          Rampage  .   l - +0 pair of gloves
Will    .....      Archmagi +   a - +0 pair of boots
Stlth   ++++......              (no amulet)
HPRegen 0.24/turn               g - +6 ring of strength
MPRegen 0.36/turn               p - ring of protection from cold

@: about to teleport
A: antennae 2, rugged brown scales 1, powered by death 2, magic shield, magic
regeneration
a: Renounce Religion, Unearth Wretches, Torment


You were on level 9 of the Dungeon.
You worshipped Kikubaaqudgha.
Kikubaaqudgha was extremely pleased with you.
You visited 1 branch of the dungeon, and saw 9 of its levels.
You also visited: Sewer and Bailey.

You collected 652 gold pieces.

Inventory:

Hand Weapons
 s - a +5 flail of protection (weapon)
Missiles
 B - a javelin
 E - 12 boomerangs (quivered)
Armour
 a - a +0 pair of boots (worn)
 d - a +2 robe of the Archmagi (worn)
 l - a +0 pair of gloves (worn)
 y - a +0 buckler (worn)
 F - a +2 cloak of stealth (worn)
Jewellery
 g - a +6 ring of strength (left hand)
 m - a ring of flight
 p - a ring of protection from cold (right hand)
Scrolls
 e - a scroll of noise {unknown}
 f - 3 scrolls of immolation
 k - 4 scrolls of teleportation
 n - 4 scrolls of magic mapping
 o - 6 scrolls of fog
 r - a scroll of fear
 t - 2 scrolls of silence {unknown}
 x - a scroll of summoning {unknown}
Potions
 b - a potion of magic
 c - 2 potions of curing
 h - 4 potions of haste {unknown}
 i - 4 potions of might
 j - 4 potions of degeneration {unknown}
 q - a potion of flight {unknown}
 u - 4 potions of heal wounds {unknown}
 v - 2 potions of cancellation {unknown}
 w - 3 potions of mutation {unknown}
 z - 4 potions of invisibility {unknown}
 C - a potion of berserk rage {unknown}
 D - 3 potions of lignification {unknown}


   Skills:
 + Level 8.4 Fighting
 + Level 1.4 Armour
 - Level 5.0 Dodging
 - Level 5.0 Stealth
 + Level 1.4 Shields
 + Level 8.1 Spellcasting
 - Level 5.0 Hexes
 + Level 10.2 Necromancy
 + Level 1.3 Earth Magic


You had 3 spell levels left.
You knew the following spells:

 Your Spells              Type           Power      Damage    Failure   Level
a - Necrotise             Necr           100%       1d9       1%          1
b - Vampiric Draining     Necr           69%        2d10      1%          3
c - Animate Dead          Necr           69%        N/A       1%          4
d - Anguish               Hex/Necr       29%        N/A       4%          4
e - Sublimation of Blood  Necr           69%        N/A       1%          2
f - Dispel Undead         Necr           69%        3d23      1%          4
g - Borgnjor's Vile Clut  Necr/Erth      25%        N/A       24%         5

Your spell library contained the following spells:

 Spells                   Type           Power      Damage    Failure   Level
 Slow                     Hex            100%       N/A       1%          1
 Confusing Touch          Hex            46%        N/A       3%          3
 Blink                    Tloc           26%        N/A       14%         2
 Lesser Beckoning         Tloc           13%        N/A       28%         3
 Agony                    Necr           69%        N/A       4%          5
 Death Channel            Necr           34%        N/A       22%         6
 Corpse Rot               Necr/Pois/Air  35%        N/A       24%         4
 Petrify                  Tmut/Erth      17%        N/A       58%         4
 Metabolic Englaciation   Hex/Ice        14%        N/A       67%         5
 Summon Mana Viper        Hex/Summ       29%        N/A       67%         5
 Manifold Assault         Tloc           13%        N/A       95%         5
 Summon Forest            Summ/Tloc      6%         N/A       95%         5
 Statue Form              Tmut/Erth      11%        N/A       100%        6
 Summon Cactus Giant      Summ           6%         N/A       100%        6


Dungeon Overview and Level Annotations

Branches:
Dungeon (9/15)             Temple (0/1) D:7             Orc (0/2) D:9
  Sewer (visited)          Bailey (visited)
   Lair: D:8-11

Altars:
Kikubaaqudgha
Qazlal

Annotations:
D:4 1 runed translucent door, Thatpatchoflichen's ghost, amateur OpTm


Innate Abilities, Weirdness & Mutations

You have a pair of antennae on your head.
You are partially covered in rugged brown scales. (AC +1, +3% HP)
You regenerate health from kills.
When hurt, damage is shared between your health and your magic reserves.
You regenerate magic rapidly.


Message History

The orc wizard zaps a wand.
You easily resist.
You completely miss the white ugly thing.
The white ugly thing is heavily wounded.
You feel less confused.
The orc wizard casts a spell.
The orc wizard flickers and vanishes!
Deactivating autopickup; reactivate with Ctrl-A.
The white ugly thing tail-slaps you but does no damage.
The white ugly thing attacks as you move away!
The white ugly thing tail-slaps you but does no damage.
You hear a zap.
Something tries to affect you, but you resist.
The now-empty wand crumbles to dust.
The white ugly thing attacks as you move away!
The white ugly thing closely misses you.
Okay, then.
Casting: Vampiric Draining (safe; 1% risk of failure)
Confirm with . or Enter, or press ? or * to list all spells.
Aiming: Vampiric Draining (safe; 1% risk of failure)
Press: ? - help, Shift-Dir - straight line, f - white ugly thing
Aim: a white ugly thing (heavily wounded, anguished)
You feel a surge of power!
You draw life force from the white ugly thing.
You feel life coursing into your body.
The white ugly thing tail-slaps you but does no damage.
Something hits you.
* * * LOW HITPOINT WARNING * * *
Unknown command.
As you read the scroll of teleportation, it crumbles to dust.
You feel strangely unstable. The white ugly thing tail-slaps you!
* * * LOW HITPOINT WARNING * * *
The white ugly thing freezes you! You resist.
* * * LOW HITPOINT WARNING * * *
The white ugly thing is wracked by anguish!!
Something hits you but does no damage.
You hear some strange, mumbled words.
A puff of flame appears from out of thin air!
The puff of flame hits you!
You die...
Kikubaaqudgha rasps: "You have failed me!
Welcome... death!"

#.....................
###...#{#
#.##......)#.##......
#........
..#..##[...####....#
#....#{.#.
#....#.......#.....##
.#....Z##.#
....................#.###.##
..# ......##...............#
{###.
..#.........<..{.#....## ##
..##.##........u.......# #.
# .............@.....## #.##
###.##....†.....##...#
##.##### #..
##.........#....###....#..
#. ##..............##.......
#. #....#......#...........
# #....###...###..........
###.## #...# #.......... ###
##..# #.........# #.##
#..###..###


You could see a white ugly thing (anguished).

Vanquished Creatures
  A hydra (D:9)
  A manticore (D:9)
  Sigmund (D:6)
  2 yaks (D:9)
  A wyvern (D:6)
  A steam dragon (D:8)
  4 water moccasins
  2 orc warriors (Bailey)
  An ice beast (D:6)
  A sky beast (D:7)
  2 ogres
  A black bear (D:6)
  2 centaurs
  4 phantoms
  3 kobold brigands
  A necrophage (D:8)
  A gnoll sergeant (D:9)
  5 bullfrogs
  A scorpion (D:7)
  4 wights (D:8)
  2 troll zombies (D:9)
  8 killer bees
  A jelly (D:4)
  2 hounds (D:5)
  2 orc priests
  An iguana (D:6)
  11 orc wizards
  2 ogre zombies (D:9)
  A river rat (Sewer)
  8 adders
  19 gnolls
  2 shadow imps (D:6)
  2 white imps (D:6)
  4 ufetubi
  2 worms
  2 dart slugs
  38 orcs
  9 endoplasms
  2 giant cockroaches
  7 goblins
  5 hobgoblins
  3 quokkas
  20 ball pythons
  4 bats
  A frilled lizard (Sewer)
  A goblin skeleton (D:9)
  4 goblin zombies (D:9)
  2 hobgoblin skeletons (D:9)
  21 kobolds
  2 orc skeletons (D:9)
  7 orc zombies (D:9)
  22 rats
256 creatures vanquished.

Vanquished Creatures (collateral kills)
  A troll (D:9)
  A hornet (D:9)
  A wyvern (D:9)
  2 yaks (D:9)
  An orc priest (D:9)
  An ogre zombie (D:9)
  An adder (Sewer)
  2 orcs (D:9)
  A frilled lizard (Sewer)
  A hobgoblin zombie (D:9)
  2 orc zombies (D:9)
  6 rats
20 creatures vanquished.

Vanquished Creatures (others)
  An orc warlord (Bailey)
  A hydra (D:9)
  A troll (D:5)
  A yak (D:9)
  2 orc warriors (Bailey)
  A centaur (D:9)
  A gnoll sergeant (D:7)
  2 yak zombies (D:9)
  A killer bee (D:8)
  An orc priest (D:9)
  2 ball python zombies (Sewer)
  A gnoll zombie (Bailey)
  2 kobolds
  10 kobold zombies
  4 orc zombies (Bailey)
  2 demonic plants (D:6)
33 creatures vanquished.

Grand Total: 309 creatures vanquished

Notes
Turn   | Place    | Note
-------+----------+-------------------------------------------
     0 | D:1      | mathmaestro the Demonspawn Necromancer began the quest for
                  | the Orb.
     0 | D:1      | Reached XP level 1. HP: 13/13 MP: 3/3
   469 | D:1      | Gained mutation: You are partially covered in rugged brown
                  | scales. (AC +1, +3% HP) [demonic ancestry]
   469 | D:1      | Reached XP level 2. HP: 14/20 MP: 3/5
  1403 | D:2      | Reached skill level 1 in Fighting
  1403 | D:2      | Reached XP level 3. HP: 24/26 MP: 1/6
  1410 | D:2      | Learned a level 3 spell: Vampiric Draining
  1658 | D:2      | Gained mutation: You have a pair of small antennae on your
                  | head. [demonic ancestry]
  1658 | D:2      | Reached XP level 4. HP: 3/32 MP: 0/7
  1669 | D:2      | Learned a level 4 spell: Animate Dead
  2077 | D:3      | Found a glowing drain.
  2128 | D:3      | Found a faded altar of an unknown god.
  2159 | Sewer    | Entered a sewer
  2552 | Sewer    | Reached skill level 5 in Necromancy
  2572 | Sewer    | Reached XP level 5. HP: 34/39 MP: 3/9
  2653 | Sewer    | Gained mutation: You regenerate magic rapidly. [demonic
                  | ancestry]
  2653 | Sewer    | Reached XP level 6. HP: 37/46 MP: 10/10
  3431 | D:4      | Found an ancient bone altar of Kikubaaqudgha.
  3441 | D:4      | Became a worshipper of Kikubaaqudgha
  4153 | D:4      | Found a runed translucent door.
  4155 | D:4      | Noticed Thatpatchoflichen's ghost (amateur OpTm)
  4473 | D:5      | Entered Level 5 of the Dungeon
  4502 | D:5      | Gained mutation: You regenerate a little health from kills.
                  | [demonic ancestry]
  4502 | D:5      | Reached XP level 7. HP: 51/53 MP: 12/12
  4646 | D:5      | Reached * piety under Kikubaaqudgha
  4646 | D:5      | Received a gift from Kikubaaqudgha
  4874 | D:5      | Learned a level 4 spell: Anguish
  4918 | D:5      | Noticed a troll
  5095 | D:5      | Killed a troll
  5096 | D:5      | Reached skill level 1 in Hexes
  5096 | D:5      | Reached skill level 6 in Necromancy
  5817 | D:5      | Learned a level 2 spell: Sublimation of Blood
  5912 | D:6      | Noticed a wyvern
  5920 | D:6      | Killed a wyvern
  5921 | D:6      | Reached XP level 8. HP: 37/61 MP: 10/14
  6287 | D:5      | Reached ** piety under Kikubaaqudgha
  6532 | D:6      | Noticed Sigmund
  6544 | D:6      | Killed Sigmund
  6545 | D:6      | Reached skill level 5 in Stealth
  6845 | D:7      | Found a flagged portal.
  6851 | D:7      | Reached skill level 7 in Necromancy
  6858 | Bailey   | Entered a bailey
  6892 | Bailey   | Noticed an orc warlord
  6904 | Bailey   | Gained mutation: You regenerate health from kills. [demonic
                  | ancestry]
  6904 | Bailey   | Reached XP level 9. HP: 68/69 MP: 5/16
  6999 | Bailey   | Reached skill level 5 in Fighting
  6999 | Bailey   | Reached skill level 5 in Dodging
  6999 | Bailey   | Reached skill level 5 in Spellcasting
  7041 | Bailey   | Found a runed translucent gate.
  7043 | Bailey   | Found a runed translucent gate.
  7045 | Bailey   | Found a runed translucent gate.
  7385 | Bailey   | Killed an orc warlord
  7386 | Bailey   | Reached skill level 8 in Necromancy
  7654 | Bailey   | Acquired a +1 cloak of stealth
  7910 | D:7      | Found a staircase to the Ecumenical Temple.
  7914 | D:7      | Reached skill level 5 in Hexes
  8030 | D:7      | Reached *** piety under Kikubaaqudgha
  8030 | D:7      | Received a gift from Kikubaaqudgha
  8046 | D:7      | Learned a level 4 spell: Dispel Undead
  8073 | D:7      | Found a stormy altar of Qazlal.
  8855 | D:8      | Gained mutation: You have a pair of antennae on your head.
                  | [demonic ancestry]
  8855 | D:8      | Reached XP level 10. HP: 79/79 MP: 14/19
  9514 | D:8      | Reached skill level 9 in Necromancy
 10038 | D:9      | Reached **** piety under Kikubaaqudgha
 10284 | D:9      | Noticed a five-headed hydra
 10455 | D:9      | Found a staircase to the Orcish Mines.
 10488 | D:9      | Reached skill level 10 in Necromancy
 10543 | D:9      | Reached ***** piety under Kikubaaqudgha
 10582 | D:9      | Learned a level 5 spell: Borgnjor's Vile Clutch
 10643 | D:9      | Noticed a five-headed hydra
 10652 | D:9      | Killed a five-headed hydra
 10747 | D:9      | Noticed a manticore
 10756 | D:9      | Killed a manticore
 10757 | D:9      | Reached skill level 1 in Armour
 10757 | D:9      | Reached skill level 1 in Shields
 10757 | D:9      | Reached skill level 1 in Earth Magic
 10757 | D:9      | Gained mutation: When hurt, damage is shared between your
                  | health and your magic reserves. [demonic ancestry]
 10757 | D:9      | Reached XP level 11. HP: 57/89 MP: 13/23
 10820 | D:9      | Noticed an eight-headed hydra
 10820 | D:9      | Noticed a white ugly thing
 10826 | D:9      | Killed an eight-headed hydra
 10833 | D:9      | Noticed a boulder beetle
 10840 | D:9      | Killed from afar by an orc wizard

Illustrated notes

Levels and vault maps discovered:
D:1:      shiori_shiawase, layout_loops_ring, st_stairs_7
D:2:      layout_basic, minmay_large_rounded_square
D:3:      layout_basic, portal_sewer_entry_a, hellmonk_ecumenical_altar_blasted
D:4:      layout_loops_corners, kiku_gazebo_garden_becter, ebering_ghost_sewer_d
D:5:      layout_basic
D:6:      layout_cave_pools, serial_demonic, serial_demonic_b, serial_demonic_c,
          serial_demonic_d, serial_demonic_g, uniq_sigmund
D:7:      layout_basic, lemuel_coloured_pillars_altar,
          minmay_temple_entry_mini_moons, enter_bailey_2
D:8:      layout_loops_ring
D:9:      minmay_the_grid_triangle_9x9_recursive_2_mashed
          [minmay_the_grid_triangle_9x9_prize_top_heavy,
          minmay_the_grid_triangle_9x9_limited_checkers,
          minmay_the_grid_triangle_9x9_corruption,
          minmay_the_grid_triangle_9x9_dagger], layout_cave_pools,
          zombieorc1_lemuel, minmay_protected_statue

Skill      XL: |  1  2  3  4  5  6  7  8  9 10 |
---------------+-------------------------------+-----
Stealth        | 2 3 4 5 |  5.0
Dodging        | 2 3 4 5 |  5.0
Fighting       | 1 2 3 4 6 8 |  8.4
Necromancy     | 5 6 7 8 10 | 10.2
Spellcasting   | 3 4 6 8 |  8.1
Hexes          | 1 3 5 |  5.0
Armour         | 1 |  1.4
Shields        | 1 |  1.4
Earth Magic    | 1 |  1.3

Action                   |  1- 3 |  4- 6 |  7- 9 | 10-12 || total
-------------------------+-------+-------+-------+-------++-------
Melee: Whip              |    13 |       |       |       ||    13
       Flail             |       |    89 |   253 |   196 ||   538
       Punch             |       |       |       |     6 ||     6
Throw: Boomerang         |       |       |     8 |     5 ||    13
       Javelin           |       |       |       |     3 ||     3
 Cast: Necrotise         |    60 |    33 |    35 |    13 ||   141
       Vampiric Draining |       |     3 |    33 |    19 ||    55
       Animate Dead      |       |     1 |     2 |     4 ||     7
       Anguish           |       |       |     8 |    17 ||    25
       Dispel Undead     |       |       |     1 |    20 ||    21
       Sublimation of Bl |       |       |       |     1 ||     1
  Use: Scroll            |       |     4 |    11 |     2 ||    17
       Potion            |       |       |       |     2 ||     2
 Stab: Distracted        |     1 |       |     1 |     1 ||     3
       Sleeping          |       |     3 |     3 |     1 ||     7
Armor: Robe              |     2 |    46 |   162 |   211 ||   421
Dodge: Dodged            |    15 |    91 |   267 |   306 ||   679
Block: Buckler           |       |       |       |     5 ||     5
